 Dungeon Crawl Stone Soup version 0.21.1-1-g345015f (webtiles) character file.

26970 Kagorn the Cleaver (level 13, -1/123 HPs)
             Began as a Hill Orc Fighter on June 13, 2018.
             Was a High Priest of Beogh.
             Killed from afar by Frances (36 damage)
             ... with an iron shot
             ... on level 1 of the Elven Halls on June 14, 2018.
             The game lasted 02:37:13 (11839 turns).

Kagorn the Cleaver (Hill Orc Fighter)              Turns: 11839, Time: 02:37:13

Health: -1/123     AC: 12    Str: 24    XL:     13   Next: 29%
Magic:  19/20      EV: 12    Int: 10    God:    Beogh [*****.]
Gold:   1057       SH: 16    Dex: 13    Spells: 16/16 levels left

rFire    + + .     SeeInvis .   Q - +1 war axe of Tisom {vamp, rN++}
rCold    + . .     Gourm    .   c - +1 shield
rNeg     + + .     Faith    .   o - +3 leather armour of Didaerao {rPois Regen+ Str+3 Int+2}
rPois    +         Spirit   .   m - +0 helmet
rElec    +         Reflect  +   (no cloak)
rCorr    +         Harm     .   L - +0 pair of gloves
MR       .....                  (no boots)
Stlth    +.........             V - +3 amulet of reflection
HPRegen  0.70/turn              k - +4 ring of protection
MPRegen  0.17/turn              F - ring of wizardry

@: resistant, corroded
A: walk on water, icy blue scales 1, fire resistance 1
a: Smiting, Recall Orcish Followers, Give Item to Named Follower, Renounce
Religion


You were on level 1 of the Elven Halls.
You worshipped Beogh.
Beogh was extremely pleased with you.
You were not hungry.

You visited 3 branches of the dungeon, and saw 14 of its levels.
You also visited: Ossuary.

You collected 1681 gold pieces.
You spent 624 gold pieces at shops.

Inventory:

Hand Weapons
 e - a +2 battleaxe
 i - a +2 dire flail of venom
 q - a +1 great mace of protection
 s - a +1 war axe of flaming
 u - a +1 antimagic falchion
 Q - the +1 war axe of Tisom (weapon) {vamp, rN++}
   (You bought it in a shop on level 2 of the Orcish Mines)

   It inflicts no extra harm, but heals its wielder when it wounds a living foe.
   It greatly protects you from negative energy.
 W - a +4 mace of protection
 Y - a +1 dire flail of holy wrath
Missiles
 g - 5 exploding tomahawks (quivered)
Armour
 c - a +1 shield (worn)
 m - a +0 helmet (worn)
 o - the +3 leather armour of Didaerao (worn) {rPois Regen+ Str+3 Int+2}
   (You found it on level 7 of the Dungeon)

   It affects your strength (+3).
   It affects your intelligence (+2).
   It protects you from poison.
   It increases your rate of regeneration.
 w - a +0 troll leather armour
 z - a +2 plate armour of magic resistance
 L - a +0 pair of gloves (worn)
 P - the +0 scale mail "Vafova" {+Blink Regen+ rCorr}
   (You found it on level 6 of the Dungeon)

   It lets you blink.
   It increases your rate of regeneration.
   It protects you from acid and corrosion.
Jewellery
 k - a +4 ring of protection (left hand)
 x - an uncursed amulet of guardian spirit
 F - a ring of wizardry (right hand)
 V - a +3 amulet of reflection (around neck)
Wands
 r - a wand of digging (22)
 v - a wand of flame (67)
 y - a wand of polymorph (9)
 D - a wand of paralysis (24)
 J - a wand of enslavement (19)
 K - a wand of iceblast (17)
Scrolls
 b - 3 scrolls of amnesia
 j - 5 scrolls of enchant armour
 l - 3 scrolls of teleportation
 p - 5 scrolls of remove curse
 H - a scroll of identify
 O - 4 scrolls of blinking
 S - a scroll of fear
Potions
 a - a potion of haste
 d - 3 potions of might
 h - a potion of berserk rage
 n - 7 potions of flight
 t - 2 potions of curing
 A - 3 potions of agility
 I - a potion of magic
 R - a potion of cancellation
 X - a potion of ambrosia
Books
 C - a book of Flames

   Spells                             Type                      Level
   a - Flame Tongue                   Conjuration/Fire             1
   b - Throw Flame                    Conjuration/Fire             2
   c - Conjure Flame                  Conjuration/Fire             3
   d - Inner Flame                    Hexes/Fire                   3
   e - Sticky Flame                   Conjuration/Fire             4
   f - Fireball                       Conjuration/Fire             5
 G - a book of Necromancy

   Spells                             Type                      Level
   a - Pain                           Necromancy                   1
   b - Animate Skeleton               Necromancy                   1
   c - Vampiric Draining              Necromancy                   3
   d - Regeneration                   Charms/Necromancy            3
   e - Animate Dead                   Necromancy                   4
   f - Borgnjor's Vile Clutch         Necromancy/Earth             5
 M - a book of the Earth

   Spells                             Type                      Level
   a - Leda's Liquefaction            Hexes/Earth                  4
   b - Bolt of Magma                  Conjuration/Fire/Earth       5
   c - Statue Form                    Transmutation/Earth          6
   d - Iron Shot                      Conjuration/Earth            6
   e - Shatter                        Earth                        9
 Z - the Volume of Supportive Combat Magic
   (You found it on level 1 of the Elven Halls)

   Spells                             Type                      Level
   a - Summon Small Mammal            Summoning                    1
   b - Throw Flame                    Conjuration/Fire             2
   c - Throw Icicle                   Conjuration/Ice              4
   d - Sticky Flame                   Conjuration/Fire             4
   e - Summon Forest                  Summoning/Translocation      5
Miscellaneous
 E - a lamp of fire
Comestibles
 f - 19 rations


   Skills:
 * Level 13.8 Fighting
 * Level 14.6 Axes
 + Level 9.8 Armour
 - Level 4.0 Dodging
 + Level 9.7 Shields
 - Level 2.0 Spellcasting
 + Level 9.3 Invocations
 - Level 2.0 Evocations


You had 16 spell levels left.
You didn't know any spells.

Dungeon Overview and Level Annotations

Branches:
Dungeon (11/15)            Temple (0/1) D:7            Lair (0/6) D:8
    Orc (2/2) D:11            Elf (1/3) Orc:2

Altars:
Ashenzari
Dithmenos
Elyvilon
Fedhas
Gozag
Hepliaklqana
Okawaru
Ru
Uskayaw
Vehumet
Xom
Zin
The Shining One

Shops:
D:5 [   Orc:2 (!%}

Annotations:
Elf:1 Frances


Innate Abilities, Weirdness & Mutations

You can walk on water.
You are partially covered in icy blue scales. (AC +2)
Your flesh is heat resistant. (rF+)


Message History

You feel much better. You block the sixfirhy's attack. The sixfirhy hits you.
The sixfirhy shocks you. You resist.
* * * LOW HITPOINT WARNING * * *
The sixfirhy hits you but does no damage.
The deep elf knight hits you with a short sword!
* * * LOW HITPOINT WARNING * * *
Frances hits you but does no damage.
Your orc knight hits the deep elf knight with a great mace of holy wrath!!!
The deep elf knight dies!
Beogh accepts your kill.
Your orc knight looks more experienced.
The sixfirhy hits you but does no damage.
Your orc priest miscasts a cantrip.
Your orc warrior misses the sixfirhy.
The rust devil hits you.
You feel better. You block the sixfirhy's attack.
The sixfirhy completely misses you.
The sixfirhy hits you but does no damage.
Frances whispers indecipherable words.
The iron shot hits you!
You die...

...#.o.#.o...[#.#..######'#...#..
......o'.o....#...............#'#
.......'..)...#............o.....
)..#...#).....#.#..########...###
.#.....##....##.#..#......#ooo').
......#########.+).#......#...#..
...#..# .......#oo######'#o..#'#
.#...## ......4)ooo.............
....## .......@3ooo............
..### #####..@eoo.######......
### #.......... #...###
#.(###...... #...#..
#..#(#.......#...'..
#..###.......#...#..
#............+...#.. #.. .. .###
#...#.. ......#..


You could see Frances, a rust devil, a deep elf mage, a sixfirhy, an enchanted
double sword, 2 friendly orc knights, the friendly Bogdar the orc knight, 3
friendly orc warriors, 2 friendly orc priests and 2 friendly orcs.

Vanquished Creatures
  An ettin (Orc:1)
  A two-headed ogre (D:11)
  A death yak (D:9)
  An orc high priest (Orc:2)
  Pikel (D:6)
  7 deep elf magi (Elf:1)
  An orc sorcerer (Orc:1)
  3 centaur zombies
  Psyche (D:9)
  2 gargoyles
  A hippogriff (D:11)
  Sigmund (D:3)
  2 yaks (D:9)
  A hungry ghost (D:10)
  A warg (Orc:2)
  Edmund (D:6)
  A water moccasin (D:7)
  4 orc warriors
  5 ice beasts
  A black bear (D:9)
  3 slaves (D:6)
  A wolf (D:9)
  4 ogres
  2 centaurs
  An elf zombie (Ossuary)
  2 big kobolds
  A gnoll sergeant (D:6)
  5 bullfrogs
  A scorpion (D:5)
  46 killer bees (D:8)
  12 wights
  4 howler monkeys
  3 crimson imps
  A bullfrog zombie (D:11)
  6 hounds
  A human zombie (Ossuary)
  6 orc priests
  3 jellies
  3 orc wizards
  2 centaur skeletons
  Jessica (D:2)
  Natasha (thrice) (D:2)
  2 iguanas
  7 worker ants
  A big kobold zombie (Ossuary)
  A hound skeleton (D:10)
  2 mummies (Ossuary)
  Robin (D:2)
  7 adders
  10 gnolls
  2 howler monkey skeletons
  5 white imps (D:9)
  2 ufetubi (D:9)
  11 oozes
  3 adder skeletons
  3 worms
  3 dart slugs
  7 leopard geckos
  13 orcs
  10 bats
  5 giant cockroaches
  9 goblins
  6 hobgoblins
  8 jackals
  7 quokkas
  2 frilled lizards
  A goblin zombie (Ossuary)
  10 hobgoblin zombies (Ossuary)
  4 jackal zombies
  22 kobolds
  7 kobold zombies (Ossuary)
  A leopard gecko skeleton (D:7)
  10 orc zombies (Ossuary)
  A quokka skeleton (D:4)
  6 rats
  2 rat zombies (Ossuary)
  6 fungi (D:4)
345 creatures vanquished.

Vanquished Creatures (collateral kills)
  Roxanne (Elf:1)
  A deep elf sorcerer (Elf:1)
  Aizul (Elf:1)
  3 dancing weapons (Elf:1)
  3 orc high priests
  2 deep elf knights (Elf:1)
  A hell knight (Elf:1)
  A deep elf archer (Elf:1)
  4 orc knights
  11 deep elf magi (Elf:1)
  3 orc sorcerers (Orc:2)
  A centaur skeleton (D:10)
  A troll (Orc:2)
  2 yaks (D:9)
  2 wargs
  15 orc warriors
  An ice beast (D:10)
  4 centaurs
  5 ogres
  A phantom (D:10)
  A wolf (D:9)
  A big kobold (D:11)
  2 bullfrogs
  A wyvern zombie (D:11)
  A scorpion (D:10)
  3 wights (D:11)
  2 electric eels (D:9)
  A howler monkey (D:9)
  2 crimson imps
  4 orc priests
  7 orc wizards
  A hound (D:11)
  A hound skeleton (D:10)
  A killer bee simulacrum (D:9)
  2 gnolls (D:8)
  An adder (D:10)
  A white imp (D:9)
  A howler monkey simulacrum (D:9)
  2 leopard geckos (D:8)
  9 orcs
  A jackal (D:9)
  3 kobolds (D:10)
  A plant (D:11)
112 creatures vanquished.

Vanquished Creatures (others)
  5 orc knights
  An orc sorcerer (Orc:2)
  9 orc warriors
  8 orc wizards
  4 orc priests
  41 orcs
  5 toadstools (D:4)
73 creatures vanquished.

Grand Total: 530 creatures vanquished

Notes
Turn   | Place    | Note
-------+----------+-------------------------------------------
     0 | D:1      | Kagorn the Hill Orc Fighter began the quest for the Orb.
     0 | D:1      | Reached XP level 1. HP: 19/19 MP: 1/1
   126 | D:1      | Reached XP level 2. HP: 25/27 MP: 2/2
   144 | D:1      | Reached skill level 3 in Axes
   551 | D:2      | Reached XP level 3. HP: 23/33 MP: 3/3
   568 | D:2      | Noticed Robin
   573 | D:2      | Killed Robin
   632 | D:2      | Found a shadowy altar of Dithmenos.
   632 | D:2      | Found a white marble altar of Elyvilon.
   633 | D:2      | Found a glowing golden altar of the Shining One.
   689 | D:2      | Noticed Natasha
   698 | D:2      | Killed Natasha
   698 | D:2      | Reached XP level 4. HP: 21/41 MP: 4/4
   744 | D:2      | Noticed Natasha
   759 | D:2      | Killed Natasha
   759 | D:2      | Reached skill level 4 in Axes
  1041 | D:2      | Noticed Jessica
  1045 | D:2      | Noticed Natasha
  1053 | D:2      | Killed Jessica
  1053 | D:2      | Reached skill level 1 in Dodging
  1053 | D:2      | Reached XP level 5. HP: 14/47 MP: 5/5
  1113 | D:2      | Killed Natasha
  1439 | D:2      | Gained mutation: Your spells are a little harder to cast, but a little more powerful. [potion of mutation]
  1439 | D:2      | Gained mutation: You are frail. (-10% HP) [potion of mutation]
  1439 | D:2      | Gained mutation: You have large cloven feet. [potion of mutation]
  1439 | D:2      | Gained mutation: You are agile. (Dex +2) [potion of mutation]
  1440 | D:2      | Lost mutation: You are agile. (Dex +2) [potion of mutation]
  1440 | D:2      | Lost mutation: You are frail. (-10% HP) [potion of mutation]
  1440 | D:2      | Lost mutation: You have large cloven feet. [potion of mutation]
  1440 | D:2      | Lost mutation: Your spells are a little harder to cast, but a little more powerful. [potion of mutation]
  1440 | D:2      | Gained mutation: You are partially covered in icy blue scales. (AC +2) [potion of mutation]
  1440 | D:2      | Gained mutation: Your flesh is heat resistant. (rF+) [potion of mutation]
  1623 | D:3      | Reached skill level 5 in Fighting
  1881 | D:3      | Noticed Sigmund
  1903 | D:3      | Killed Sigmund
  1903 | D:3      | Reached skill level 5 in Axes
  1903 | D:3      | Reached XP level 6. HP: 42/56 MP: 4/6
  2016 | D:3      | Found a shattered altar of Ashenzari.
  2163 | D:4      | Reached XP level 7. HP: 43/62 MP: 5/7
  2284 | D:4      | Became a worshipper of Beogh the Brigand
  2558 | D:4      | Reached skill level 6 in Axes
  2967 | D:5      | Entered Level 5 of the Dungeon
  3048 | D:5      | Reached * piety under Beogh
  3469 | D:5      | Reached XP level 8. HP: 54/71 MP: 6/8
  3701 | D:5      | Reached skill level 5 in Armour
  3701 | D:5      | Reached skill level 5 in Shields
  3818 | D:5      | Found Suruhain's Armour Shop.
  3867 | D:6      | Noticed Edmund
  3879 | D:6      | Killed Edmund
  3879 | D:6      | Reached skill level 7 in Axes
  3884 | D:6      | Got a dazzling scale mail
  3885 | D:6      | Identified the cursed +0 scale mail "Vafova" {+Blink Regen+ rCorr} (You found it on level 6 of the Dungeon)
  4018 | D:6      | Noticed Pikel
  4043 | D:6      | Killed Pikel
  4043 | D:6      | Reached skill level 8 in Axes
  4354 | D:6      | Found a sacrificial altar of Ru.
  4563 | D:6      | Reached XP level 9. HP: 73/81 MP: 7/9
  4658 | D:7      | Got an ancient leather armour
  4761 | D:7      | Reached skill level 1 in Invocations
  4774 | D:7      | Reached ** piety under Beogh
  4777 | D:7      | Identified the +3 leather armour of Didaerao {rPois Regen+ Str+3 Int+2} (You found it on level 7 of the Dungeon)
  4795 | D:7      | Reached skill level 1 in Evocations
  4852 | D:7      | Reached skill level 9 in Axes
  5196 | D:7      | Found a staircase to the Ecumenical Temple.
  5377 | D:7      | Noticed a gargoyle
  5394 | D:7      | Killed a gargoyle
  5405 | D:7      | Found a faded altar of an unknown god.
  5405 | D:7      | Found a blossoming altar of Fedhas.
  5414 | D:7      | Found a hide-covered altar of Uskayaw.
  5418 | D:7      | Found a faded altar of an unknown god.
  5422 | D:7      | Found a glowing silver altar of Zin.
  5538 | D:8      | Found a sand-covered staircase.
  5580 | Ossuary  | Entered an ossuary
  5780 | Ossuary  | Reached XP level 10. HP: 76/91 MP: 9/12
  5788 | Ossuary  | Reached *** piety under Beogh
  5804 | Ossuary  | Reached skill level 1 in Spellcasting
  5952 | D:8      | Found a staircase to the Lair.
  6003 | D:8      | Reached skill level 10 in Axes
  6057 | D:8      | Reached **** piety under Beogh
  6074 | D:8      | Reached skill level 10 in Fighting
  6470 | D:8      | Found a hazy altar of Hepliaklqana.
  6634 | D:8      | Found an opulent altar of Gozag.
  7265 | D:9      | Reached skill level 5 in Invocations
  7290 | D:9      | Noticed a death yak
  7304 | D:9      | Killed a death yak
  7304 | D:9      | Reached skill level 11 in Axes
  7304 | D:9      | Reached XP level 11. HP: 72/101 MP: 7/14
  7361 | D:9      | Noticed Psyche
  7385 | D:9      | Killed Psyche
  7498 | D:9      | Reached ***** piety under Beogh
  7986 | D:10     | Entered Level 10 of the Dungeon
  8137 | D:10     | Gained Arbeogh as an ally
  8728 | D:11     | Reached skill level 12 in Axes
  8776 | D:11     | Noticed a two-headed ogre
  8788 | D:11     | Killed a two-headed ogre
  9192 | D:11     | Got a transparent leather armour
  9193 | D:11     | Identified the +5 leather armour "Ziroves" {Dex+4} (You found it on level 11 of the Dungeon)
  9378 | D:11     | Found a staircase to the Orcish Mines.
  9404 | Orc:1    | Entered Level 1 of the Orcish Mines
  9404 | Orc:1    | Found a shimmering altar of Xom.
  9404 | Orc:1    | Noticed an ettin
  9409 | Orc:1    | Killed an ettin
  9461 | Orc:1    | Noticed an orc knight
  9470 | Orc:1    | Killed an orc knight
  9529 | Orc:1    | Gained Bogdar as an ally
  9535 | Orc:1    | Reached XP level 12. HP: 112/112 MP: 17/17
  9913 | Orc:2    | Entered Level 2 of the Orcish Mines
  9919 | Orc:2    | Found a staircase to the Elven Halls.
 10200 | Orc:2    | Found an iron altar of Okawaru.
 10427 | Orc:2    | Noticed an orc high priest
 10436 | Orc:2    | Killed an orc high priest
 10436 | Orc:2    | Reached skill level 13 in Axes
 10527 | Orc:2    | Noticed an orc high priest
 10527 | Orc:2    | Noticed an orc high priest
 10532 | Orc:2    | Paralysed by an orc sorcerer for 4 turns
 10545 | Orc:2    | Reached ****** piety under Beogh
 10550 | Orc:2    | Your ally Arbeogh died
 10566 | Orc:2    | Killed an orc high priest
 10570 | Orc:2    | Killed an orc high priest
 10600 | Orc:2    | Found Cewoarinia's Food Shoppe.
 10600 | Orc:2    | Found Ecviolen's Gadget Boutique.
 10602 | Orc:2    | Found Ukuc's Antique Weapon Shoppe.
 10602 | Orc:2    | Found Uqame's Distillery.
 10724 | Orc:2    | Bought a brightly glowing war axe for 204 gold pieces
 10733 | Orc:2    | Bought a potion of curing for 45 gold pieces
 10733 | Orc:2    | Bought a potion of cancellation for 120 gold pieces
 10733 | Orc:2    | Bought a potion of curing for 45 gold pieces
 10733 | Orc:2    | Bought a potion of heal wounds for 75 gold pieces
 10733 | Orc:2    | Bought a potion of agility for 60 gold pieces
 10733 | Orc:2    | Bought a potion of heal wounds for 75 gold pieces
 10737 | Orc:2    | Identified the cursed +1 war axe of Tisom {vamp, rN++} (You bought it in a shop on level 2 of the Orcish Mines)
 11021 | Elf:1    | Entered Level 1 of the Elven Halls
 11171 | Elf:1    | Noticed Aizul
 11172 | Elf:1    | Reached skill level 14 in Axes
 11178 | Elf:1    | Killed Aizul
 11184 | Elf:1    | Reached XP level 13. HP: 48/122 MP: 19/19
 11409 | Elf:1    | Noticed a deep elf sorcerer
 11418 | Elf:1    | Killed a deep elf sorcerer
 11428 | Elf:1    | Identified the Volume of Supportive Combat Magic
 11560 | Elf:1    | Found a radiant altar of Vehumet.
 11616 | Elf:1    | Noticed Roxanne
 11649 | Elf:1    | Killed Roxanne
 11825 | Elf:1    | Noticed Frances
 11839 | Elf:1    | Killed from afar by Frances

Skill      XL: |  1  2  3  4  5  6  7  8  9 10 11 12 13 |
---------------+----------------------------------------+-----
Axes           | 3 4 5 6 8 9 11 12 14 | 14.6
Fighting       | 4 5 6 7 9 10 12 13 | 13.8
Dodging        | 1 2 3 4 |  4.0
Shields        | 4 5 6 7 8 9 |  9.7
Armour         | 4 5 6 7 8 9 |  9.8
Invocations    | 3 5 7 8 9 |  9.3
Evocations     | 2 |  2.0
Spellcasting   | 2 |  2.0

Action                   |  1- 3 |  4- 6 |  7- 9 | 10-12 | 13-15 || total
-------------------------+-------+-------+-------+-------+-------++-------
Melee: War axe           |    80 |   138 |   366 |   508 |    45 ||  1137
Invok: Convert to Beogh  |       |       |     1 |       |       ||     1
       Smiting           |       |       |     1 |     2 |       ||     3
       Give Item to Name |       |       |       |     2 |       ||     2
       Resurrection      |       |       |       |     1 |       ||     1
  Use: Scroll            |       |     7 |     8 |    11 |     1 ||    27
       Potion            |       |     6 |       |    12 |     4 ||    22
 Stab: Sleeping          |       |       |     1 |       |       ||     1
       Distracted        |       |       |       |     3 |       ||     3
  Eat: Ration            |       |     1 |     4 |     6 |     2 ||    13
       Chunk             |       |     1 |       |       |       ||     1
Armor: Scale mail        |    51 |   101 |   106 |       |       ||   258
       Leather armour    |       |       |    32 |   233 |    17 ||   282
Dodge: Dodged            |    15 |    65 |   122 |   285 |    22 ||   509
Block: Shield            |    57 |    86 |   197 |   398 |    25 ||   763
       Reflection        |       |       |       |     2 |     5 ||     7
       Other             |       |       |       |       |     3 ||     3
